 Dungeon Crawl Stone Soup version 0.29-a0-330-g52719c12eb (webtiles) character file.

Game seed: 13768512819608336270

153865 Aelig the Bewitcher (level 17, -25/104 HPs)
             Began as a Vampire Enchanter on May 13, 2022.
             Was the Champion of Wu Jian.
             Blown up by an orb spider (78 damage)
             ... with an orb of destruction
             ... on level 4 of the Spider Nest on May 15, 2022.
             The game lasted 03:02:46 (38407 turns).

Aelig the Bewitcher (Vampire Enchanter)            Turns: 38407, Time: 03:02:46

Health: -25/104    AC: 11    Str:  5 (10) XL:     17   Next: 5%
Magic:  26/29      EV: 18    Int: 25      God:    Wu Jian [******]
Gold:   163        SH:  8    Dex: 15      Spells: 9/32 levels left

rFire   + + +      SeeInvis +   a - +2 dagger (drain)
rCold   + + +      Faith    .   G - +2 buckler {rC+ rF+}
rNeg    + + +      Spirit   .   C - +2 robe of the Alphagorgon {rPois Will+ Str+3}
rPois   ∞          Reflect  .   t - +0 helmet
rElec   +          Harm     .   Z - +1 cloak
rCorr   +          Rampage  .   V - +0 pair of gloves
Will    +++..                   A - +2 pair of boots
Stlth   ++++++++..              J - amulet of magic regeneration
HPRegen 0.00/turn               I - ring "Asiroch" {rElec rC+ rN+ rCorr}
MPRegen 0.61/turn               U - ring "Rafyovuh" {rF++ Will+ SInv}

@: bloodless, inhibited regen
A: bloodless, fangs 3, see invisible, vampiric 2, mutation resistance 1
a: Bat Form, Revivify, Renounce Religion, Wall Jump, Serpent's Lash, Heavenly
Storm


You were on level 4 of the Spider Nest.
You worshipped Wu Jian.
Wu Jian was exalted by your worship.
You visited 6 branches of the dungeon, and saw 32 of its levels.
You also visited: Ossuary and Ice Cave.

You collected 3269 gold pieces.
You spent 3106 gold pieces at shops.

Inventory:

Hand Weapons
 a - a +2 dagger of draining (weapon)
 b - a +2 demon blade of protection
 c - a +3 short sword
Missiles
 g - 5 throwing nets
 j - 1171 stones (quivered)
Armour
 r - a +1 leather armour of fire resistance
 t - a +0 helmet (worn)
 A - a +2 pair of boots (worn)
 C - the +2 robe of the Alphagorgon (worn) {rPois Will+ Str+3}
   (You found it on level 5 of the Dungeon)

   Str:       It affects your strength (+3).
   rPois:     It protects you from poison.
   Will:      It increases your willpower.
 G - a +2 buckler of resistance (worn)
 V - a +0 pair of gloves (worn)
 Z - a +1 cloak (worn)
Jewellery
 F - a ring of willpower
 I - the ring "Asiroch" (left hand) {rElec rC+ rN+ rCorr}
   (You found it on level 1 of the Lair of Beasts)

   [ring of protection from cold]

   rC:        It protects you from cold.
   rElec:     It insulates you from electricity.
   rN:        It protects you from negative energy.
   rCorr:     It protects you from acid and corrosion.
 J - an amulet of magic regeneration (around neck)
 M - a +4 ring of protection
 U - the ring "Rafyovuh" (right hand) {rF++ Will+ SInv}
   (You bought it in a shop on level 3 of the Shoals)

   [ring of see invisible]

   rF:        It greatly protects you from fire.
   SInv:      It lets you see invisible.
   Will:      It increases your willpower.
Wands
 y - a wand of flame (54)
 B - a wand of polymorph (3)
 D - a wand of acid (4)
 S - a wand of iceblast (26)
 T - a wand of paralysis (7)
Scrolls
 e - a scroll of summoning
 f - 3 scrolls of blinking
 i - 24 scrolls of teleportation
 k - 4 scrolls of immolation
 l - 5 scrolls of silence
 n - 7 scrolls of fear
 p - 7 scrolls of magic mapping
 q - 2 scrolls of amnesia
 s - 6 scrolls of vulnerability
 u - 4 scrolls of enchant armour
 E - 3 scrolls of fog
 H - 2 scrolls of holy word
 N - a scroll of torment
 P - 5 scrolls of identify
Potions
 d - 13 potions of curing
 h - 2 potions of haste
 m - 3 potions of invisibility
 o - 2 potions of resistance
 v - 3 potions of mutation
 w - 10 potions of attraction
 x - 4 potions of ambrosia
 z - 3 potions of cancellation
 K - a potion of berserk rage
 L - a potion of might
 O - 2 potions of magic
 Q - 6 potions of brilliance
 R - 4 potions of flight
 W - 2 potions of heal wounds


   Skills:
 - Level 11.0 Fighting
 - Level 14.0(15.5) Short Blades
 + Level 10.2(13.0) Long Blades
 - Level 2.2 Armour
 - Level 13.0 Dodging
 - Level 16.0 Stealth
 - Level 6.2 Shields
 - Level 8.0 Spellcasting
 - Level 2.0 Conjurations
 * Level 20.4 Hexes
 - Level 4.0 Ice Magic
 - Level 4.0 Evocations


You had 9 spell levels left.
You knew the following spells:

 Your Spells              Type           Power      Damage    Failure   Level
a - Ensorcelled Hibernat  Hex/Ice        100%       N/A       1%          2
b - Confusing Touch       Hex            84%        N/A       0%          3
c - Tukima's Dance        Hex            84%        N/A       0%          3
d - Dazzling Flash        Conj/Hex       100%       N/A       1%          3
e - Cause Fear            Hex            42%        N/A       1%          4
f - Discord               Hex            42%        N/A       12%         8

Your spell library contained the following spells:

 Spells                   Type           Power      Damage    Failure   Level
 Inner Flame              Hex/Fire       57%        N/A       1%          3
 Portal Projectile        Hex/Tloc       100%       N/A       1%          3
 Summon Guardian Golem    Hex/Summ       57%        N/A       1%          3
 Leda's Liquefaction      Hex/Erth       28%        N/A       1%          4
 Foxfire                  Conj/Fire      60%        2x1d7     4%          1
 Ozocubu's Armour         Ice            30%        N/A       4%          3
 Beastly Appendage        Tmut           20%        N/A       8%          1
 Sandblast                Erth           20%        2d7       8%          1
 Sting                    Tmut/Pois      40%        1d5       8%          1
 Blink                    Tloc           20%        N/A       12%         2
 Passwall                 Tmut/Erth      8%         N/A       12%         2
 Poisonous Vapours        Pois/Air       20%        N/A       12%         2
 Wereblood                Tmut           10%        N/A       12%         2
 Conjure Flame            Conj/Fire      15%        6-21      16%         3
 Stone Arrow              Conj/Erth      30%        3d8       16%         3
 Call Canine Familiar     Summ           10%        N/A       22%         3
 Ignite Poison            Fire/Tmut/Pois 10%        N/A       22%         3
 Flame Wave               Conj/Fire      15%        2d6       45%         4
 Sticky Flame             Conj/Fire      15%        2d4       45%         4
 Animate Armour           Summ/Erth      20%        N/A       58%         4
 Animate Dead             Necr           5%         N/A       58%         4
 Olgreb's Toxic Radiance  Pois           10%        N/A       58%         4
 Summon Lightning Spire   Summ/Air       10%        N/A       58%         4
 Blade Hands              Tmut           5%         N/A       91%         5
 Eringya's Noxious Bog    Tmut/Pois      5%         N/A       100%        6
 Iron Shot                Conj/Erth      7%         9d2       100%        6
 Ozocubu's Refrigeration  Ice            15%        4d8       100%        7
 Storm Form               Tmut/Air       5%         N/A       100%        7
 Maxwell's Capacitive Co  Air            5%         ∞         100%        8


Dungeon Overview and Level Annotations

Branches:
Dungeon (15/15)            Temple (1/1) D:7            Lair (6/6) D:8
 Shoals (4/4) Lair:3       Spider (4/4) Lair:3        Slime (0/5) Lair:6
    Orc (2/2) D:11            Elf (0/3) Orc:2       Ossuary (visited)
  IceCv (visited)
 Vaults: D:13-14     Depths: D:15

Altars:
Ashenzari
Dithmenos
Elyvilon
Nemelex Xobeh
Okawaru
Sif Muna
Trog
Wu Jian
Jiyva

Shops:
D:5 **   D:6 (!:?   D:8 (   D:12 ?   Orc:1 [   Orc:2 (=[*   Shoals:3 !=!*?

Annotations:
D:7 2 transporters, WLBjork's ghost, novice HOMo
D:14 Jorgrun
Lair:6 1 runed translucent door
Shoals:2 Ilsuiw
Shoals:4 Nikola
Spider:4 Kirke


Innate Abilities, Weirdness & Mutations

You do not regenerate when monsters are visible.
You are frail without blood (-20% HP).
You can heal yourself when you bite living creatures.
You are immune to poison.
You have razor-sharp teeth.
You have supernaturally acute eyesight. (SInv)
You are afflicted with vampirism and can become a bat while bloodless.
You are somewhat resistant to further mutation.


Message History

There is an open door here.
You enter the shallow water.
Moving in this stuff is going to be slow.
You see here a +0 spear.
There is an open door here.
There is a hole to the Spider Nest here.
You climb downwards.
Welcome back to the Spider Nest!
This branch contains the gossamer rune of Zot.
There is a crawl-hole back to the Lair here.
You see here a potion of lignification.
There is a stone staircase leading down here.
You climb downwards.
There is a stone staircase leading up here.
There is a stone staircase leading down here.
You climb downwards.
There is a stone staircase leading up here.
You see here a +0 long sword.
There is a stone staircase leading down here.
You climb downwards.
Level annotation: Kirke The redback bites you.
You block the redback's attack. The redback misses you.
You block the culicivora's attack.
The orb spider weaves a glowing orb of energy.
The redback barely misses you.
An orb of destruction comes into view.
There is a stone staircase leading up here.
Casting: Cause Fear (safe; 1% risk of failure)
Confirm with . or Enter, or press ? or * to list all spells.
Casting: Cause Fear (safe; 1% risk of failure)
Press: ? - help, Dir - look around, f - activate The orb spider looks frightened! x2; The redback looks frightened!
The orb of destruction is unaffected.
The culicivora resists with some effort.
The wolf spider easily resists.
The redback looks frightened! x2
The culicivora bites you! x2; The wolf spider barely misses you.
The wolf spider completely misses you. The culicivora misses you.
The wolf spider hits you. The wolf spider bites you!
The orb of destruction hits you!!!!
Ouch! That really hurt!
You die...

.## ....
.^.##.....
##.^^#^..^s
..#.......
###.........
##.#^.#.$.##.
##...s..<...s.
#.#.#@s.#)..
#.^...○.......
##s#..^○○..#..
#######.○..s.
#^..s. ###s^ #


You could see a wolf spider, 2 orb spiders, a culicivora, a jumping spider and 2
redbacks.

Vanquished Creatures
  Rupert (Orc:2)
  Frances (Spider:2)
  2 emperor scorpions
  2 ghost moths
  2 orc warlords
  4 broodmothers
  Nessos (D:14)
  2 entropy weavers
  4 spark wasps
  3 merfolk impalers
  The ghost of Fulomu the Protected, a journeyman MiEn of Okawaru (Lair:1)
  A jorogumo (Spider:3)
  3 boulder beetles
  6 hydras
  A radroach (Spider:3)
  A tengu warrior (D:13)
  An alligator snapping turtle (Shoals:4)
  8 centaur warriors
  2 merfolk avatars
  5 two-headed ogres
  4 merfolk aquamancers
  5 death yaks
  Urug (Lair:4)
  3 orc high priests (Orc:2)
  Sonja (Lair:2)
  Amaemon (Lair:3)
  2 sun moths (Spider:3)
  4 pharaoh ants
  8 sea snakes
  A steelbarb worm (Spider:3)
  3 deep elf zephyrmancers (D:13)
  A wizard (D:14)
  5 harpies (Shoals:1)
  2 lindwurms (Lair:6)
  4 orb spiders (Spider:3)
  6 orc knights
  2 deep elf pyromancers
  15 wolf spiders
  10 ugly things
  6 orc sorcerers
  6 manticores
  5 fauns (Shoals:2)
  8 cyclopes
  3 black mambas
  3 merfolk sirens
  13 elephants
  An orange demon (Lair:3)
  A gargoyle (D:12)
  3 torpor snails
  10 cane toads
  5 demonic crawlers
  5 rime drakes
  An efreet (D:13)
  6 komodo dragons
  2 kobold demonologists
  A queen bee (shapeshifter) (D:14)
  3 trolls
  18 merfolk
  11 polar bears
  5 wind drakes
  14 tarantellas
  3 hornets
  A blink frog (Lair:6)
  9 slime creatures
  4 snapping turtles
  2 raiju (Lair:6)
  12 dream sheep
  8 culicivoras
  12 jumping spiders
  52 yaks
  A vampire (D:11)
  4 shadows
  2 wraiths
  4 wyverns
  12 water elementals
  Grum (D:11)
  A hog (Spider:4)
  3 basilisks
  30 redbacks
  7 humans (D:14)
  2 steam dragons
  4 vampire mosquitoes
  A death yak simulacrum (IceCv)
  12 wargs
  An acid dragon (D:11)
  19 water moccasins
  15 hell hounds (Lair:6)
  A sky beast (D:8)
  33 orc warriors
  12 black bears
  7 centaurs
  8 ogres
  25 wolves
  3 kobold brigands
  3 elf zombies (Ossuary)
  15 bullfrogs
  A gnoll sergeant (D:10)
  A cane toad simulacrum (IceCv)
  4 scorpions
  A necrophage (D:4)
  3 wights (D:10)
  4 killer bees (D:10)
  2 electric eels (Lair:3)
  5 howler monkeys
  4 hounds
  22 orc priests
  2 human zombies (Ossuary)
  A centaur zombie (Ossuary)
  A gnoll shaman (D:9)
  5 jellies
  Jessica (D:3)
  24 orc wizards
  3 iguanas
  A polar bear simulacrum (IceCv)
  2 mummies (Ossuary)
  10 gnolls
  7 adders
  2 shadow imps (D:6)
  2 worms (D:2)
  3 dart slugs
  91 orcs
  7 ball pythons
  7 endoplasms
  8 giant cockroaches
  5 goblins
  3 hobgoblins
  13 kobolds
  A quokka (D:1)
  A bat (D:3)
  7 frilled lizards
  2 goblin zombies (Ossuary)
  10 hobgoblin zombies (Ossuary)
  A jackal zombie (Ossuary)
  5 kobold zombies (Ossuary)
  10 orc zombies (Ossuary)
  4 rats
  3 rat zombies (Ossuary)
877 creatures vanquished.

Vanquished Creatures (collateral kills)
  A centaur warrior (D:14)
  A satyr (Shoals:2)
  3 orc knights
  A faun (Shoals:2)
  2 merfolk (Shoals:3)
  10 orc warriors
  2 wights (D:10)
  5 orc priests
  2 orc wizards (Orc:2)
  2 gnolls (Orc:1)
  5 orcs
  A kobold (D:10)
35 creatures vanquished.

Vanquished Creatures (others)
  18 dancing weapons
  A quokka (D:14)
  A bush (Lair:4)
  24 fungi
  203 plants
247 creatures vanquished.

Grand Total: 1159 creatures vanquished

Notes
Turn   | Place    | Note
-------+----------+-------------------------------------------
     0 | D:1      | Aelig the Vampire Enchanter began the quest for the Orb.
     0 | D:1      | Reached XP level 1. HP: 13/13 MP: 3/3
    40 | D:1      | Found a faded altar of an unknown god.
   210 | D:1      | Reached XP level 2. HP: 14/19 MP: 5/5
   446 | D:1      | Learned a level 2 spell: Ensorcelled Hibernation
   546 | D:1      | Gained mutation: You are afflicted with vampirism and can
                  | become a bat while bloodless. [Vampire growth]
   546 | D:1      | Reached XP level 3. HP: 12/24 MP: 6/6
   818 | D:2      | Reached skill level 5 in Hexes
  1728 | D:3      | Reached XP level 4. HP: 30/30 MP: 2/7
  1961 | D:3      | Noticed Jessica
  1968 | D:3      | Killed Jessica
  1969 | D:3      | Reached XP level 5. HP: 35/35 MP: 9/9
  2387 | D:4      | Found a sand-covered staircase.
  2392 | Ossuary  | Entered an ossuary
  2414 | Ossuary  | Learned a level 3 spell: Confusing Touch
  2418 | Ossuary  | Learned a level 3 spell: Tukima's Dance
  2671 | Ossuary  | Reached skill level 6 in Hexes
  2780 | Ossuary  | Reached XP level 6. HP: 37/41 MP: 4/10
  2858 | Ossuary  | Reached skill level 5 in Short Blades
  3003 | Ossuary  | Reached XP level 7. HP: 18/46 MP: 7/12
  3145 | D:4      | Reached skill level 7 in Hexes
  3713 | D:5      | Entered Level 5 of the Dungeon
  3824 | D:5      | Learned a level 3 spell: Dazzling Flash
  3845 | D:5      | Found Votteuf's General Store.
  3846 | D:5      | Noticed a steam dragon
  3902 | D:5      | Killed a steam dragon
  3905 | D:5      | Bought a scroll of fear for 38 gold pieces
  4190 | D:5      | Reached skill level 8 in Hexes
  4382 | D:5      | Reached XP level 8. HP: 40/52 MP: 7/14
  4449 | D:5      | Identified the +2 robe of the Alphagorgon {rPois Will+
                  | Str+3}
  4749 | D:5      | Found Ashriuk's Assorted Antiques.
  4912 | D:6      | Found Kaesieda's Distillery.
  5020 | D:6      | Found Qykiodde's Magic Scroll Boutique.
  5099 | D:6      | Found Oxoran's Book Shoppe.
  5543 | D:6      | Found Plog's Weapon Shoppe.
  5627 | D:7      | Noticed WLBjork's ghost (novice HOMo)
  5627 | D:7      | Found a transporter.
  5628 | D:7      | Found a transporter.
  5638 | D:7      | Found a staircase to the Ecumenical Temple.
  5647 | Temple   | Entered the Ecumenical Temple
  5666 | Temple   | Became a worshipper of the Wu Jian Council
  5729 | D:7      | Reached skill level 10 in Short Blades
  5729 | D:7      | Reached skill level 1 in Ice Magic
  6057 | D:7      | Reached skill level 5 in Stealth
  6752 | D:8      | Reached skill level 1 in Conjurations
  6761 | D:8      | Reached XP level 9. HP: 43/57 MP: 9/15
  6841 | D:8      | Found a staircase to the Lair.
  7072 | D:8      | Reached skill level 1 in Fighting
  7075 | D:8      | Reached skill level 9 in Hexes
  7521 | D:8      | Reached * piety under Wu Jian
  7594 | D:8      | Reached skill level 10 in Hexes
  7608 | D:8      | Reached XP level 10. HP: 45/57 MP: 3/16
  7756 | D:8      | Found Nauhun's Antique Weapon Shoppe.
  7839 | D:5      | Bought a fine cloak for 237 gold pieces
  7839 | D:5      | Identified the -1 cloak "Utym" {Harm Str+6} (You bought it
                  | in a shop on level 5 of the Dungeon)
  8134 | Lair:1   | Entered Level 1 of the Lair of Beasts
  8290 | Lair:1   | Found a runed translucent door.
  8342 | Lair:1   | Reached skill level 5 in Fighting
  8375 | Lair:1   | Noticed a cane toad
  8410 | Lair:1   | Killed a cane toad
  8411 | Lair:1   | Reached skill level 11 in Hexes
  8537 | Lair:1   | Noticed a black mamba
  8542 | Lair:1   | Killed a black mamba
  8560 | Lair:1   | Noticed a cane toad
  8566 | Lair:1   | Killed a cane toad
  8568 | Lair:1   | Noticed a cane toad
  8575 | Lair:1   | Killed a cane toad
  8748 | Lair:1   | Reached skill level 12 in Hexes
  8978 | Lair:1   | Noticed Fulomu's ghost (journeyman MiEn)
  9131 | Lair:2   | Noticed a cane toad
  9133 | Lair:2   | Killed a cane toad
  9210 | Lair:2   | Reached ** piety under Wu Jian
  9278 | Lair:2   | Reached XP level 11. HP: 66/66 MP: 11/17
  9288 | Lair:2   | Noticed Sonja
  9373 | Lair:2   | Killed Sonja
  9374 | Lair:2   | Reached skill level 10 in Stealth
 10079 | Lair:3   | Noticed Amaemon
 10081 | Lair:3   | Killed Amaemon
 10082 | Lair:3   | Reached skill level 13 in Hexes
 10410 | Lair:3   | Found a hole to the Spider Nest.
 10662 | Lair:4   | Noticed a death yak
 10937 | Lair:4   | Noticed Urug
 10941 | Lair:4   | Killed Urug
 10942 | Lair:4   | Reached skill level 14 in Hexes
 11091 | Lair:4   | Killed a death yak
 11240 | Lair:4   | Noticed a death yak
 11242 | Lair:4   | Noticed a death yak
 11372 | Lair:4   | Noticed a death yak
 11570 | D:6      | Bought a book of Hexes for 396 gold pieces
 11577 | D:6      | Learned a level 4 spell: Cause Fear
 12097 | D:9      | Noticed a two-headed ogre
 12135 | D:9      | Killed a two-headed ogre
 12405 | D:9      | Noticed a two-headed ogre
 12410 | D:9      | Killed a two-headed ogre
 12411 | D:9      | Reached XP level 12. HP: 73/73 MP: 18/18
 12529 | D:9      | Reached *** piety under Wu Jian
 12685 | D:10     | Entered Level 10 of the Dungeon
 13671 | D:10     | Found an iron altar of Okawaru.
 13991 | Lair:4   | Reached skill level 15 in Hexes
 14037 | Lair:4   | Reached skill level 5 in Dodging
 14529 | Lair:5   | Noticed a six-headed hydra
 14732 | Lair:5   | Killed a six-headed hydra
 14887 | Lair:5   | Reached **** piety under Wu Jian
 14995 | Lair:5   | Noticed a four-headed hydra
 15001 | Lair:5   | Killed a four-headed hydra
 15037 | Lair:5   | Reached skill level 5 in Spellcasting
 16069 | D:11     | Noticed Grum
 16083 | D:11     | Killed Grum
 16315 | D:11     | Reached XP level 13. HP: 78/78 MP: 17/21
 16615 | D:11     | Found a staircase to the Orcish Mines.
 16657 | D:11     | Reached skill level 16 in Hexes
 16691 | Orc:1    | Entered Level 1 of the Orcish Mines
 17069 | Orc:1    | Noticed an orc warlord
 17203 | D:11     | Killed an orc warlord
 17362 | Orc:1    | Reached ***** piety under Wu Jian
 17439 | Orc:1    | Found Genuim Meorch's Armour Emporium.
 18174 | Orc:2    | Entered Level 2 of the Orcish Mines
 18343 | Orc:2    | Noticed Rupert
 19094 | Orc:2    | Killed Rupert
 19343 | Orc:2    | Reached skill level 17 in Hexes
 19639 | Orc:2    | Noticed an orc warlord
 19781 | Orc:2    | Killed an orc warlord
 19863 | Orc:2    | Found a staircase to the Elven Halls.
 20275 | Orc:2    | Gained mutation: You occasionally shout uncontrollably at
                  | your foes. [a neqoxec]
 20702 | Orc:2    | Found Bifoirip's Antique Armour Emporium.
 20703 | Orc:2    | Found Mith's Antique Weapon Shoppe.
 20705 | Orc:2    | Found Fanlixeq's General Store.
 20705 | Orc:2    | Found Loach's Jewellery Emporium.
 20736 | Orc:2    | Bought an amulet of magic regeneration for 510 gold pieces
 20751 | Orc:2    | Bought a glowing demon blade for 540 gold pieces
 20851 | D:11     | Reached XP level 14. HP: 84/84 MP: 17/25
 20879 | D:11     | Reached ****** piety under Wu Jian
 20938 | D:11     | Identified the +7 falchion of Superiority {flame, rPois}
 21160 | D:12     | Reached skill level 1 in Long Blades
 21313 | D:12     | Found a frozen archway.
 21328 | IceCv    | Entered an ice cave
 21365 | IceCv    | Found a transporter.
 21708 | D:12     | Found Mizule's Magic Scroll Shoppe.
 21741 | D:12     | Bought a scroll of blinking for 97 gold pieces
 21741 | D:12     | Bought a scroll of teleportation for 39 gold pieces
 22115 | Lair:6   | Entered Level 6 of the Lair of Beasts
 22249 | Lair:6   | Reached skill level 1 in Shields
 22273 | Lair:6   | Reached skill level 18 in Hexes
 23172 | Lair:6   | Found a runed translucent door.
 23173 | Lair:6   | Found a viscous altar of Jiyva.
 23174 | Lair:6   | Noticed an acid blob
 23175 | Lair:6   | Found a staircase to the Slime Pits.
 23175 | Lair:6   | Noticed an acid blob
 23713 | Lair:6   | Reached skill level 10 in Dodging
 23858 | Lair:6   | Reached skill level 5 in Long Blades
 24787 | Lair:3   | Found a staircase to the Shoals.
 25143 | D:6      | Bought a scroll of identify for 28 gold pieces
 25143 | D:6      | Bought a scroll of teleportation for 42 gold pieces
 25143 | D:6      | Bought a scroll of fog for 28 gold pieces
 25143 | D:6      | Bought a scroll of teleportation for 42 gold pieces
 25143 | D:6      | Bought a scroll of identify for 28 gold pieces
 25143 | D:6      | Bought a scroll of identify for 28 gold pieces
 25143 | D:6      | Bought a scroll of identify for 28 gold pieces
 25149 | D:6      | Bought a scroll of identify for 28 gold pieces
 25399 | D:13     | Reached XP level 15. HP: 92/92 MP: 27/27
 25994 | D:13     | Reached skill level 10 in Fighting
 26030 | D:13     | Reached skill level 5 in Shields
 26183 | D:13     | Got Gucoj's Grimoire of Dhcmrlchtdj
 26212 | D:13     | Got the Grimoire of Axaxaxas mlö
 26220 | D:13     | Got the Handbook of Sand
 26672 | D:14     | Noticed Jorgrun
 26722 | D:14     | Noticed Nessos
 26894 | D:14     | Killed Nessos
 26981 | D:15     | Entered Level 15 of the Dungeon
 27565 | Lair:1   | Killed Fulomu's ghost
 27570 | Lair:1   | Identified the ring "Asiroch" {rElec rC+ rN+ rCorr}
 27909 | Spider:1 | Entered Level 1 of the Spider Nest
 28127 | Spider:1 | Reached skill level 1 in Armour
 29836 | Spider:1 | Reached skill level 1 in Evocations
 30037 | Spider:1 | Noticed an emperor scorpion
 30072 | Spider:1 | Killed an emperor scorpion
 30972 | Spider:2 | Noticed Frances
 30974 | Spider:2 | Killed Frances
 30975 | Spider:2 | Reached XP level 16. HP: 99/99 MP: 28/28
 32782 | Spider:3 | Lost mutation: You occasionally shout uncontrollably at
                  | your foes. [potion of mutation]
 32782 | Spider:3 | Gained mutation: You are somewhat resistant to further
                  | mutation. [potion of mutation]
 32830 | Spider:3 | Reached skill level 15 in Stealth
 34047 | Spider:4 | Entered Level 4 of the Spider Nest
 34048 | Spider:4 | Noticed Kirke
 34515 | Spider:3 | Learned a level 8 spell: Discord
 34625 | Shoals:1 | Entered Level 1 of the Shoals
 35404 | Shoals:1 | Identified the +10 great sword "Upibaeme" {holy, Fly rF+}
 35949 | Shoals:2 | Reached skill level 19 in Hexes
 36235 | Shoals:2 | Noticed Ilsuiw
 36539 | Shoals:3 | Found Kachoz's Magic Scroll Emporium.
 36549 | Shoals:3 | Bought a scroll of enchant weapon for 105 gold pieces
 37418 | Shoals:3 | Found Qahiurr's Distillery.
 37552 | Shoals:3 | Reached skill level 10 in Long Blades
 37564 | Shoals:3 | Reached skill level 20 in Hexes
 37593 | Shoals:3 | Bought a potion of might for 72 gold pieces
 37728 | Shoals:3 | Found Ycyffih's Jewellery Boutique.
 37736 | Shoals:3 | Bought the ring "Rafyovuh" {rF++ Will+ SInv} for 586 gold
                  | pieces
 37768 | Shoals:3 | Found Ruidiff's Distillery.
 37770 | Shoals:3 | Reached XP level 17. HP: 104/104 MP: 29/29
 37788 | Shoals:3 | Bought a potion of invisibility for 104 gold pieces
 37788 | Shoals:3 | Bought a potion of heal wounds for 65 gold pieces
 37788 | Shoals:3 | Bought a potion of heal wounds for 65 gold pieces
 37794 | Shoals:3 | Found Gocir's Assorted Antiques.
 38115 | Shoals:4 | Entered Level 4 of the Shoals
 38226 | Shoals:4 | Noticed Nikola
 38407 | Spider:4 | Blown up by an orb spider

Illustrated notes

Levels and vault maps discovered:
D:1:      mrwooster_arrival_statue_3, layout_loops_ring,
          shapermc_ecumenical_altar_hornbeckon, minmay_surrounded
D:2:      layout_loops_cross
D:3:      layout_rooms, uniq_jessica
D:4:      layout_gridville, enter_ossuary_5
D:5:      layout_basic, serial_shops, nicolae_square_shop, shop, abandoned_shop,
          grunt_decor_fettered, chequers_hall_statues_y
D:6:      layout_rooms, serial_shops, nicolae_shop_hallway_stairs,
          nicolae_shop_temple_entry_statues_fountains,
          nicolae_shop_advertising_works [nicolae_subvault_shop_adworks],
          nicolae_square_shop, minmay_misc_feat_pillars,
          hangedman_abyss_or_decor_passed, st_stairs_4,
          minmay_misc_feat_enclosed
D:7:      layout_layer_cave, minmay_temple_entry_junction, gammafunk_ghost_arena
D:8:      layout_basic, erik_lair_orcish_takeover, serial_shops, shop_coins,
          minmay_fractal_squares_gapless_5
D:9:      layout_long_grid, minmay_joined_circles
D:10:     layout_cave_pods, okawaru_metal_pillars_1_2, minmay_misc_feat_rows
D:11:     layout_gridville, orc_0_dummy, uniq_grum
D:12:     layout_small_grid, portal_ice_cave_rime, serial_shops, shop_scrolls
D:13:     layout_roguey, bh_hangedman_babel_library
D:14:     layout_rooms, grunt_vaults_entry_tiered,
          minmay_misc_feat_more_columns, elyvilon_altar_4, uniq_nessos,
          uniq_jorgrun
D:15:     grunt_enter_depths_hoard, layout_loops_cross, minmay_misc_feat_iff
Temple:   regret_index_temple_sigil_plot
Lair:1:   layout_regular_city, ebering_ghost_reflecting_pool,
          chequers_serial_rivers_micro_a, st_stairs_12, grunt_megastairs_5,
          lemuel_fruit_tree
Lair:2:   layout_roguey, serial_rivers, chequers_serial_rivers_micro_c,
          chequers_serial_rivers_micro_c, chequers_serial_rivers_micro_e,
          chequers_serial_rivers_small_b, uniq_sonja
Lair:3:   layout_small_grid, elwin_shoals_entry_rooms, dummy_spider_entry,
          infiniplex_staircase_pool, serial_bayou_shore_a, uniq_amaemon
Lair:4:   layout_regular_city, nicolae_lair_grazing_beasts
          [nicolae_sub_lair_graze_edge, nicolae_sub_lair_graze_edge,
          nicolae_sub_lair_graze_edge, nicolae_sub_lair_graze_edge],
          grunt_megastairs_1, uniq_urug
Lair:5:   layout_loops_ring
Lair:6:   hangedman_lair_caniforms_friends, layout_layer_cave,
          hangedman_lair_in_review, slime_altar_2
Shoals:1: layout_shoals
Shoals:2: layout_shoals, uniq_ilsuiw
Shoals:3: layout_shoals, serial_shops, nicolae_shop_behind_doors,
          nicolae_shop_hallway_stairs, nicolae_shop_crystal,
          nicolae_shop_crystal, shop
Shoals:4: shoals_end_grunt_ice, layout_shoals, nicolae_shoals_water_shrine,
          uniq_nikola, uniq_mlioglotl, uniq_mara, uniq_donald
Spider:1: layout_cave_pods, guppyfry_spider_mini_2
Spider:2: layout_spider_delve, uniq_frances
Spider:3: layout_spider_delve
Spider:4: spider_rune_water, uniq_kirke
Orc:1:    layout_caves, serial_shops, nicolae_diamond_shop
Orc:2:    st_orc_congregation, layout_diamond_mine, uniq_rupert

Skill      XL: |  1  2  3  4  5  6  7  8  9 10 11 12 13 14 15 16 |
---------------+-------------------------------------------------+-----
Short Blades   | 2 3 4 5 7 10 12 13 14 | 14.0
Hexes          | 5 6 8 10 12 14 15 17 18 20 | 20.4
Spellcasting   | 3 4 5 7 8 |  8.0
Ice Magic      | 2 4 |  4.0
Stealth        | 5 8 9 11 13 14 16 | 16.0
Conjurations   | 1 2 |  2.0
Fighting       | 4 6 8 9 10 11 | 11.0
Dodging        | 3 6 8 10 12 13 | 13.0
Long Blades    | 5 7 10 | 10.2
Shields        | 4 6 |  6.2
Armour         | 2 |  2.2
Evocations     | 2 4 |  4.0

Action                   |  1- 3 |  4- 6 |  7- 9 | 10-12 | 13-15 | 16-18 || total
-------------------------+-------+-------+-------+-------+-------+-------++-------
Melee: Dagger            |   137 |   291 |   277 |   297 |   336 |   431 ||  1769
       Bite              |    11 |    40 |    23 |    46 |   198 |    68 ||   386
       Punch             |       |     5 |     5 |    12 |     8 |       ||    30
       Short sword       |       |       |       |   168 |  1197 |       ||  1365
       Demon blade       |       |       |       |       |    35 |    88 ||   123
       Unarmed           |       |       |       |       |     1 |       ||     1
Throw: Stone             |       |       |     1 |     6 |    10 |    13 ||    30
 Cast: Ensorcelled Hiber |    16 |     6 |    63 |   124 |   327 |   169 ||   705
       Confusing Touch   |       |    10 |     9 |    14 |    77 |    20 ||   130
       Dazzling Flash    |       |       |     9 |    27 |    87 |    27 ||   150
       Cause Fear        |       |       |       |     3 |    41 |    31 ||    75
       Tukima's Dance    |       |       |       |     6 |    90 |    33 ||   129
Invok: Lunge             |       |       |    11 |    68 |   136 |    68 ||   283
       Whirlwind         |       |       |       |    43 |   262 |    11 ||   316
       Serpent's Lash    |       |       |       |     1 |     4 |       ||     5
 Abil: Exsanguinate      |       |       |     1 |       |       |       ||     1
       End Transformatio |       |       |       |       |     1 |       ||     1
       Bat Form          |       |       |       |       |     1 |       ||     1
Evoke: Wand              |       |       |       |       |    13 |     3 ||    16
  Use: Scroll            |       |       |     7 |     6 |    17 |     8 ||    38
       Potion            |       |       |     1 |       |     3 |     6 ||    10
 Stab: Sleeping          |    13 |    11 |    39 |   107 |   180 |    94 ||   444
       Confused          |       |    15 |     8 |    16 |   102 |    22 ||   163
       Distracted        |       |     1 |       |       |     5 |     1 ||     7
       Invisible         |       |       |    13 |    30 |   111 |    21 ||   175
Armor: Robe              |    17 |    43 |    45 |    75 |   258 |   101 ||   539
       Leather armour    |       |       |       |       |    33 |       ||    33
Dodge: Dodged            |    59 |   121 |    99 |   173 |   730 |   266 ||  1448
Block: Buckler           |       |       |       |       |   163 |   102 ||   265

Table legend: (Time is in decaauts)
 A = Elapsed time spent in this place.
 B = Non-inter-level travel time spent in this place.
 C = Inter-level travel time spent in this place.
 D = Time resting spent in this place.
 E = Time spent auto-exploring this place.
 F = Levels seen in this place.
 G = Mean time per level.
                   A        B        C        D        E       F      G
               +--------+--------+--------+--------+--------+-----+--------+
         Total |  37741 |  34780 |   2961 |   8372 |  11185 |  34 | 1110.0 |
       Dungeon |  14687 |  13216 |   1471 |   2307 |   6190 |  15 |  979.1 |
        Temple |     29 |     20 |      9 |      0 |      5 |   1 |   29.0 |
          Lair |   9052 |   8288 |    764 |   1323 |   3298 |   6 | 1508.7 |
        Shoals |   3746 |   3531 |    215 |    909 |    165 |   4 |  936.5 |
   Spider Nest |   6128 |   5768 |    360 |   2366 |   1245 |   4 | 1532.0 |
  Orcish Mines |   3346 |   3206 |    140 |   1337 |    224 |   2 | 1673.0 |
       Ossuary |    687 |    687 |      0 |    130 |     58 |   1 |  687.0 |
      Ice Cave |     63 |     63 |      0 |      0 |      0 |   1 |   63.0 |
               +--------+--------+--------+--------+--------+-----+--------+

Top non-repeatable levels by time:
Spider:3: 2468 daAuts
Spider:1: 2068 daAuts
  Lair:6: 2058 daAuts
    D:11: 1871 daAuts
  Lair:3: 1776 daAuts
   Orc:2: 1720 daAuts
  Lair:4: 1713 daAuts
   Orc:1: 1625 daAuts
Spider:2: 1545 daAuts
     D:8: 1392 daAuts
Shoals:2: 1266 daAuts
    D:10: 1256 daAuts
Shoals:1: 1252 daAuts
  Lair:5: 1250 daAuts
  Lair:1: 1195 daAuts
